 Dungeon Crawl Stone Soup version 0.31-a0-984-gbfb7dba898 (webtiles) character file.

Game seed: 161863321935965237

32 BinkBink the Ruffian (level 3, -3/27 HPs)
             Began as a Demonspawn Shapeshifter on Nov 3, 2023.
             Killed from afar by Jessica (4 damage)
             ... with a puff of flame
             ... on level 2 of the Dungeon.
             The game lasted 00:01:33 (1454 turns).

BinkBink the Ruffian (Demonspawn Shapeshifter)      Turns: 1454, Time: 00:01:34

Health: -3/27      AC: 11    Str: 16    XL:     3   Next: 8%
Magic:  3/3        EV: 12    Int: 11    God:
Gold:   72         SH:  0    Dex: 12    Spells: 2/2 levels left

rFire   . .          .
                       - Unarmed
rCold   . . .        (no shield)
rNeg    . . .        a - +0 animal skin
rPois   .            (helmet currently unavailable)
rElec   .            (cloak currently unavailable)
rCorr   .            (gloves currently unavailable)
SInv    .            (boots currently unavailable)
Will    .....        (no amulet)
Stlth   +            (no ring)
HPRegen 0.24/turn    (no ring)
MPRegen 0.08/turn

%: no passive effects
@: beast-form, sanguine armoured
A: beast (slay +1), sanguine armour 2
a: Begin Untransformation


You were on level 2 of the Dungeon.
You were a hulking beast.
You visited 1 branch of the dungeon, and saw 2 of its levels.

You collected 72 gold pieces.

Inventory:

Armour
 a - a +0 animal skin (worn)
 j - a +0 cloak
Talismans
 c - a beast talisman
 d - a flux talisman
Scrolls
 e - a scroll of acquirement {unknown}
 f - a scroll of amnesia {unknown}
 h - a scroll of fear {unknown}
 i - a scroll of revelation {unknown}
 k - a scroll of brand weapon {unknown}
Potions
 b - a potion of lignification
 g - a potion of mutation {unknown}
 l - a potion of heal wounds {unknown}
 m - a potion of attraction {unknown}


   Skills:
 + Level 1.7 Fighting
 + Level 2.2 Dodging
 + Level 3.0 Unarmed Combat
 + Level 3.0 Shapeshifting


You had 2 spell levels left.
You didn't know any spells.
Your spell library contained the following spells:

 Spells                   Type           Power      Damage    Failure   Level
 Summon Small Mammal      Summ           0%         N/A       34%         1
 Call Canine Familiar     Summ           0%         N/A       71%         3
 Summon Guardian Golem    Hex/Summ       0%         N/A       71%         3


Dungeon Overview and Level Annotations

Branches:
Dungeon (2/15)

Altars:

Annotations:
D:2 Jessica


Innate Abilities, Weirdness & Mutations

You are a hulking beast.
Your limbs bulge with bestial killing power. (Slay +1)
When seriously injured, your blood forms thick armour. (AC +9)


Message History

The goblin unwields a +0 club.
The goblin wields a +0 sling.
The goblin shoots a sling bullet.
The sling bullet misses you.
Jessica shouts!
The goblin hits you with a +0 club.
The goblin shoots a sling bullet.
The sling bullet misses you.
You barely miss the goblin.
Jessica casts a spell.
Jessica seems to speed up.
The goblin hits you with a +0 club.
The goblin shoots a sling bullet.
The sling bullet barely misses you.
You hit the goblin.
You kill the goblin!
Jessica shouts, "Stop bothering me, or I'll kill you!"
Jessica hits you but does no damage.
Jessica hits you with a +0 dagger of protection.
Your blood congeals into armour.
Things that are here:
a +0 club; 15 gold pieces; a goblin corpse You closely miss Jessica.
Jessica hits you but does no damage.
You hit Jessica. You punch Jessica.
Jessica is moderately wounded.
Jessica hits you with a +0 dagger of protection.
You are too injured to fight recklessly!
You are too injured to fight recklessly!
You are too injured to fight recklessly!
You hit Jessica but do no damage.
Jessica is moderately wounded.
Jessica barely misses you.
Jessica hits you with a +0 dagger of protection.
You hit Jessica.
Jessica is heavily wounded.
Jessica hits you with a +0 dagger of protection.
* * * LOW HITPOINT WARNING * * *
You barely miss Jessica.
Jessica is heavily wounded.
Jessica points at you and mumbles some strange words.
Pain shoots through your body!
* * * LOW HITPOINT WARNING * * *
The goblin shoots a sling bullet.
The sling bullet closely misses you.
Jessica zaps a wand.
The puff of flame hits you.
You die...

#.# #......###.
#####.#####.........
#........##..##.#### #
#.###.##.##..##.# .. #.#
#...#....##.#
#.####.######.###.##.#
###...........#.....##.#
....!....####.########.#
###.#.....h@...... ..#
....###g####.#### ###
#... #.# #.. #.. #. ...#
~..# 8g~.# ###


You could see Jessica (fast) and a goblin.

Vanquished Creatures
  A worm (D:2)
  2 dart slugs (D:1)
  2 endoplasms
  A giant cockroach (D:2)
  4 goblins
  2 hobgoblins (D:1)
  4 jackals (D:1)
  2 kobolds
  2 ball pythons
  A frilled lizard (D:1)
  2 rats (D:1)
23 creatures vanquished.

Notes
Turn   | Place    | Note
-------+----------+-------------------------------------------
     0 | D:1      | BinkBink the Demonspawn Shapeshifter began the quest for
                  | the Orb.
     0 | D:1      | Reached XP level 1. HP: 15/15 MP: 1/1
   322 | D:1      | Gained mutation: When seriously injured, your blood forms
                  | armour. (AC +9) [demonic ancestry]
   322 | D:1      | Reached XP level 2. HP: 17/21 MP: 2/2
   877 | D:1      | Found a faded altar of an unknown god.
  1247 | D:2      | Gained mutation: When seriously injured, your blood forms
                  | thick armour. (AC +9) [demonic ancestry]
  1247 | D:2      | Reached XP level 3. HP: 3/26 MP: 3/3
  1444 | D:2      | Noticed Jessica
  1454 | D:2      | HP: 1/27 [Jessica/nerve-wracking pain (7)]
  1454 | D:2      | Killed from afar by Jessica

Illustrated notes

Levels and vault maps discovered:
D:1:      sevenhm_arrival_forest_fort_small_4, layout_loops_corners,
          shapermc_ecumenical_altar_mp_vishouse
D:2:      layout_loops_ring, moated_statue, uniq_jessica,
          uniq_crazy_yiuf_cottage

Skill      XL: |  1  2 |
---------------+-------+-----
Dodging        | 2 |  2.2
Unarmed Combat | 3 |  3.0
Shapeshifting  | 3 |  3.0
Fighting       | |  1.7

Action                     || total
---------------------------++-------
  Melee: Unarmed           ||    80
         Punch             ||     2
 Armour: Animal skin       ||    51
  Dodge: Dodged            ||    49

Table legend: (Time is in decaauts)
 A = Elapsed time spent in this place.
 B = Non-inter-level travel time spent in this place.
 C = Inter-level travel time spent in this place.
 D = Time resting spent in this place.
 E = Time spent auto-exploring this place.
 F = Levels seen in this place.
 G = Mean time per level.
                   A        B        C        D        E       F      G
               +--------+--------+--------+--------+--------+-----+--------+
         Total |   1469 |   1334 |    135 |      0 |   1171 |   2 |  734.5 |
       Dungeon |   1469 |   1334 |    135 |      0 |   1171 |   2 |  734.5 |
               +--------+--------+--------+--------+--------+-----+--------+

Top non-repeatable levels by time:
     D:1: 1244 daAuts
     D:2: 224 daAuts
